 Dungeon Crawl Stone Soup version 0.21.1 (webtiles) character file.

5130 shakethe the Grappler (level 10, 0/98 HPs)
             Began as a Troll Monk on Feb 5, 2018.
             Was a Follower of Ru.
             Slain by a two-headed ogre
             ... wielding a +0 giant club
              (7 damage)
             ... on level 9 of the Dungeon.
             The game lasted 00:31:12 (8598 turns).

shakethe the Grappler (Troll Monk)                  Turns: 8598, Time: 00:31:12

Health: 0/98       AC:  7    Str: 21    XL:     10   Next: 33%
Magic:  9/9        EV: 15    Int:  6    God:    Ru [*.....]
Gold:   510        SH:  0    Dex: 15    Spells: 9/9 levels left

rFire    . . .     SeeInvis .   K - +2 giant spiked club
rCold    . . .     Gourm    +   (shield currently unavailable)
rNeg     . . .     Faith    +   a - +0 robe
rPois    .         Spirit   .   (helmet restricted)
rElec    .         Reflect  .   m - +1 cloak
rCorr    .         Harm     .   (gloves unavailable)
MR       .....                  (boots unavailable)
Stlth    +.........             g - amulet of faith
HPRegen  0.66/turn              j - ring of flight
MPRegen  0.11/turn              l - ring of loudness

@: about to teleport, no potions, slowed, very slow
A: large, unfitting armour, claws 3, fast metabolism 3, gourmand, regeneration
1, shaggy fur 1, tough skin 2, inability to drink while threatened
a: Renounce Religion, Evoke Flight


You were on level 9 of the Dungeon.
You worshipped Ru.
Ru was aware of your devotion.
You were completely stuffed.

You visited 2 branches of the dungeon, and saw 10 of its levels.

You collected 510 gold pieces.

Inventory:

Hand Weapons
 F - a +1 falchion of slicing
 K - a +2 giant spiked club (weapon)
Missiles
 s - 4 large rocks (quivered)
Armour
 a - a +0 robe (worn)
 m - a +1 cloak (worn)
 u - a -1 robe
Jewellery
 g - an amulet of faith (around neck)
 j - a ring of flight (left claw)
 l - a ring of loudness (right claw)
Wands
 r - a wand of acid (8)
 z - a wand of clouds (7)
 B - a wand of digging (46)
 E - a wand of iceblast (7)
Scrolls
 c - 4 scrolls of magic mapping
 d - 3 scrolls of remove curse
 e - a scroll of teleportation
 h - 6 scrolls of identify
 k - a scroll of immolation
 n - a scroll of enchant armour
Potions
 f - 4 potions of curing {unknown}
 i - 3 potions of magic {unknown}
 o - 2 potions of haste {unknown}
 p - a potion of invisibility {unknown}
 q - 3 potions of mutation {unknown}
 t - a potion of lignification {unknown}
 v - a potion of heal wounds {unknown}
 w - 2 potions of berserk rage {unknown}
 x - a potion of degeneration {unknown}
 C - a potion of brilliance {unknown}
 G - a potion of agility {unknown}
 I - a potion of cancellation {unknown}
Books
 y - the Tome of the Bear
   (You found it on level 5 of the Dungeon)

   Spells                             Type                      Level
   a - Static Discharge               Conjuration/Air              3
   b - Lee's Rapid Deconstruction     Earth                        5
   c - Freezing Cloud                 Conjuration/Ice/Air          6
   d - Statue Form                    Transmutation/Earth          6
Comestibles
 b - 21 rations


   Skills:
 + Level 6.2 Fighting
 * Level 4.3 Maces & Flails
 + Level 8.1 Dodging
 - Level 2.0 Stealth
 - Level 9.1 Unarmed Combat


You had 9 spell levels left.
You didn't know any spells.

Dungeon Overview and Level Annotations

Branches:
Dungeon (9/15)             Temple (1/1) D:6
   Lair: D:8-11         Orc: D:9-12

Altars:
Ashenzari
Cheibriados
Dithmenos
Elyvilon
Fedhas
Gozag
Hepliaklqana
Kikubaaqudgha
Makhleb
Nemelex Xobeh
Okawaru
Qazlal
Ru
Sif Muna
Trog
Uskayaw
Vehumet
Wu Jian
Xom
Zin
The Shining One


Innate Abilities, Weirdness & Mutations

You are too large for most types of armour.
You have claws for hands.
Your metabolism is lightning-fast.
You like to eat raw meat.
Your natural rate of healing is unusually fast.
You are covered in fur. (AC +1)
You have very tough skin. (AC +2)
You cannot drink potions while threatened.


Message History

The orc wizard hits you but does no damage.
The orc is stunned by your will and fails to attack.
The two-headed ogre hits you with a giant club!
The two-headed ogre hits you with a giant club!!
You feel threatened and lose the ability to drink potions!
The orc wizard casts a spell at you. The magic dart hits you!
The two-headed ogre hits you with a giant club!!
* * * LOW HITPOINT WARNING * * *
The two-headed ogre barely misses you. The orc hits you but does no damage.
You see here an iguana corpse.
The orc hits you but does no damage.
The orc wizard begins to cast a spell, but is stunned by your will!
The two-headed ogre hits you with a giant club!!
* * * LOW HITPOINT WARNING * * *
The two-headed ogre closely misses you.
As you read the scroll of teleportation, it crumbles to dust.
You feel strangely unstable. The two-headed ogre barely misses you.
The two-headed ogre hits you with a giant club!
You die...

....#...........# #####
..............### #....
##.............####....
###.>............#.... .
#.......#........... .##
#.......##.##....... #### ..#
#.oo....##.#####.... .....
#.#####Oo.###.....##.... .....
#.##...@#####..........#
.....##.##.#### #......####..
.....(......## #.#..### #.#
.............## #.##.######.#
#####....)....####.##.##...<..
#....................####.
###.........#......#.######.
..............#...............
####................<#.#####..


You could see a two-headed ogre, an orc wizard and 2 orcs.

Vanquished Creatures
  2 two-headed ogres
  3 hippogriffs
  Eustachio (D:5)
  The ghost of p0werm0de the Ruffian, an amateur VSCK of Xom (D:3)
  A soldier ant (D:9)
  A sky beast (D:6)
  A black bear (D:8)
  An eye of draining (D:9)
  2 ice beasts
  An ogre (D:9)
  2 phantoms
  3 centaurs
  Blork the orc (D:5)
  2 bullfrogs (D:8)
  A water moccasin zombie (D:8)
  5 crimson imps
  9 howler monkeys
  5 bullfrog zombies
  2 hounds
  5 orc priests
  4 orc wizards
  3 bullfrog skeletons
  Ijyb (D:4)
  2 iguanas
  8 worker ants
  2 hound zombies
  2 hound skeletons (D:6)
  14 gnolls
  A howler monkey skeleton (D:9)
  12 adders
  An adder skeleton (D:4)
  An adder zombie (D:5)
  3 worms
  2 leopard geckos
  22 orcs
  9 bats
  10 giant cockroaches
  19 goblins
  7 hobgoblins
  13 jackals
  3 quokkas
  A ball python (D:4)
  9 frilled lizards
  A jackal skeleton (D:4)
  4 kobolds
  6 rats
  A bush (D:4)
210 creatures vanquished.

Vanquished Creatures (others)
  A plant (D:5)
1 creature vanquished.

Grand Total: 211 creatures vanquished

Notes
Turn   | Place    | Note
-------+----------+-------------------------------------------
     0 | D:1      | shakethe the Troll Monk began the quest for the Orb.
     0 | D:1      | Reached XP level 1. HP: 22/22 MP: 0/0
   117 | D:1      | Reached XP level 2. HP: 26/29 MP: 1/1
   933 | D:2      | Reached XP level 3. HP: 36/36 MP: 2/2
  1502 | D:2      | altar
  1608 | D:3      | Reached XP level 4. HP: 44/44 MP: 3/3
  1719 | D:3      | Noticed a hand axe
  1720 | D:3      | Noticed a hand axe
  1721 | D:3      | Found a hide-covered altar of Uskayaw.
  1878 | D:3      | Reached skill level 4 in Unarmed Combat
  1976 | D:3      | Noticed p0werm0de's ghost (amateur VSCK)
  1998 | D:3      | Killed p0werm0de's ghost
  1998 | D:3      | Reached XP level 5. HP: 28/53 MP: 4/4
  2159 | D:4      | Reached XP level 6. HP: 59/61 MP: 5/5
  2235 | D:4      | Found a shimmering altar of Xom.
  2243 | D:4      | Found an iron altar of Okawaru.
  2243 | D:4      | Found a bloodstained altar of Trog.
  2363 | D:4      | Noticed Ijyb
  2381 | D:4      | Killed Ijyb
  2637 | D:4      | Found a hazy altar of Hepliaklqana.
  2637 | D:4      | Found a blossoming altar of Fedhas.
  2825 | D:4      | Reached skill level 5 in Unarmed Combat
  2907 | D:5      | Entered Level 5 of the Dungeon
  3041 | D:5      | Reached XP level 7. HP: 59/67 MP: 6/6
  3076 | D:5      | Noticed Eustachio
  3158 | D:5      | Noticed Blork the orc
  3173 | D:5      | Killed Blork the orc
  3504 | D:5      | Reached skill level 6 in Unarmed Combat
  3624 | D:5      | Reached skill level 5 in Dodging
  3768 | D:5      | Killed Eustachio
  3768 | D:5      | Reached XP level 8. HP: 7/78 MP: 7/7
  4070 | D:5      | Identified the Tome of the Bear
  4785 | D:6      | Reached skill level 7 in Unarmed Combat
  5190 | D:6      | Found a staircase to the Ecumenical Temple.
  5196 | Temple   | Entered the Ecumenical Temple
  5221 | Temple   | Became a worshipper of Ru the Awakened
  5259 | Temple   | Gained mutation: You cannot drink potions while threatened. [Ru sacrifice]
  5259 | Temple   | Reached * piety under Ru
  6015 | D:7      | Noticed a hippogriff
  6038 | D:7      | Killed a hippogriff
  6388 | D:7      | Noticed a hippogriff
  6397 | D:7      | Killed a hippogriff
  6397 | D:7      | Reached XP level 9. HP: 77/87 MP: 8/8
  6618 | D:7      | Reached skill level 8 in Unarmed Combat
  7170 | D:8      | Reached skill level 5 in Fighting
  7373 | D:8      | Noticed a two-headed ogre
  7377 | D:8      | Killed a two-headed ogre
  7377 | D:8      | Reached skill level 9 in Unarmed Combat
  7569 | D:8      | Reached skill level 1 in Maces & Flails
  7996 | D:8      | Found a shattered altar of Ashenzari.
  8272 | D:9      | Reached XP level 10. HP: 78/98 MP: 9/9
  8275 | D:9      | Noticed a two-headed ogre
  8276 | D:9      | Killed a two-headed ogre
  8586 | D:9      | Noticed a two-headed ogre
  8598 | D:9      | Slain by a two-headed ogre

Skill      XL: |  1  2  3  4  5  6  7  8  9 10 |
---------------+-------------------------------+-----
Dodging        | 3 4 5 6 7 8 |  8.1
Unarmed Combat | 4 5 6 7 9 |  9.1
Fighting       | 3 4 5 6 |  6.2
Stealth        | 2 |  2.0
Maces & Flails | 2 4 |  4.3

Action                   |  1- 3 |  4- 6 |  7- 9 | 10-12 || total
-------------------------+-------+-------+-------+-------++-------
Melee: Unarmed           |   125 |   171 |   302 |       ||   598
       Punch             |       |     4 |    14 |       ||    18
       Giant spiked club |       |       |    62 |    70 ||   132
Invok: Sacrifice Drink   |       |       |     1 |       ||     1
       Reject Sacrifices |       |       |       |     1 ||     1
  Use: Scroll            |       |       |    13 |     1 ||    14
 Stab: Sleeping          |     1 |     2 |       |       ||     3
  Eat: Chunk             |    18 |    15 |    41 |     8 ||    82
       Ration            |       |       |     1 |       ||     1
Armor: Robe              |    58 |    39 |   135 |    22 ||   254
Dodge: Dodged            |   106 |    62 |   289 |    95 ||   552
